 Dungeon Crawl Stone Soup version 0.23-a0-396-g5214e5f (webtiles) character file.

67 galech the Skirmisher (level 4, 33/35 HPs)
             Began as a Demonspawn Fighter on Nov 2, 2018.
             Quit the game on level 2 of the Dungeon.
             The game lasted 00:01:24 (926 turns).

galech the Skirmisher (Demonspawn Fighter)           Turns: 926, Time: 00:01:25

Health: 33/35      AC:  6    Str: 17    XL:     4   Next: 0%
Magic:  4/4        EV:  7    Int:  9    God:
Gold:   72         SH:  9    Dex: 13    Spells: 3/3 levels left

rFire    . . .     SeeInvis .   a - +0 war axe
rCold    . . .     Gourm    .   c - +0 shield
rNeg     . . .     Faith    .   b - +0 scale mail
rPois    .         Spirit   .   (no helmet)
rElec    .         Reflect  .   (no cloak)
rCorr    .         Harm     .   (no gloves)
MR       .....                  (no boots)
Stlth    ..........             (no amulet)
HPRegen  0.11/turn              (no ring)
MPRegen  0.09/turn              (no ring)

@: no status effects
A: claws 1, hooves 2
a: no special abilities


You were on level 2 of the Dungeon.
You were not hungry.

You visited 1 branch of the dungeon, and saw 2 of its levels.

You collected 72 gold pieces.

Inventory:

Hand Weapons
 a - a +0 war axe (weapon)
Armour
 b - a +0 scale mail (worn)
 c - a +0 shield (worn)
Scrolls
 e - a scroll of fog {unknown}
 i - a scroll of identify {unknown}
 j - a scroll of fear {unknown}
 k - 2 scrolls of magic mapping {unknown}
 l - a scroll of teleportation {unknown}
 n - a scroll of blinking {unknown}
Potions
 d - a potion of might
 h - a potion of flight {unknown}
 m - 2 potions of curing {unknown}
Comestibles
 f - 4 rations
 g - 5 chunks of flesh


   Skills:
 + Level 3.4 Fighting
 + Level 2.8 Axes
 + Level 3.1 Armour
 + Level 0.3 Dodging
 + Level 3.0 Shields


You had 3 spell levels left.
You didn't know any spells.
Your spell library was empty.

Dungeon Overview and Level Annotations

Branches:
Dungeon (2/15)

Altars:
Ashenzari
Elyvilon

Annotations:
D:2 1 runed door


Innate Abilities, Weirdness & Mutations

You have sharp fingernails.
You have hoof-like feet.


Message History

No target in view!
No target in view!
No target in view!
No target in view!
You see here a rat corpse.
You butcher the rat corpse.
g - 5 chunks of flesh (gained 1)
You see here a rat skeleton.
A bat comes into view.
The bat completely misses you.
You slash the bat!
You kill the bat!
You have reached level 4!
You feel stronger.
Your demonic ancestry asserts itself...
Your fingernails lengthen.
A frilled lizard comes into view.
The frilled lizard hisses angrily.
Things that are here:
a glowing leather armour; a bat corpse Are you sure you want to abandon this character and quit the game? (Confirm

#.. #..........# #..
#..........# #..
.#..........# #..
.l..........## #.#
....[........#### #.#
#...............######.#
........)..............#
.......@............##..
##.#......รท............#
#.....................#
#.#...................# #
#.........$.....#...#
........>........#....
##.#...##......####....
######
#.##..#....######.....
#....###
#.......#............#


You could see a frilled lizard.

Vanquished Creatures
  Terence (D:2)
  An adder (D:2)
  A leopard gecko (D:1)
  3 ball pythons (D:1)
  3 giant cockroaches
  2 goblins (D:1)
  4 hobgoblins
  2 quokkas (D:2)
  7 bats
  3 frilled lizards
  2 kobolds
  3 rats
32 creatures vanquished.

Notes
Turn   | Place    | Note
-------+----------+-------------------------------------------
     0 | D:1      | galech the Demonspawn Fighter began the quest for the Orb.
     0 | D:1      | Reached XP level 1. HP: 18/18 MP: 1/1
   127 | D:1      | Gained mutation: You have large cloven feet. [demonic
                  | ancestry]
   127 | D:1      | Reached XP level 2. HP: 15/24 MP: 2/2
   415 | D:1      | Found a shattered altar of Ashenzari.
   594 | D:2      | Found a runed door.
   667 | D:2      | Noticed Terence
   679 | D:2      | Killed Terence
   679 | D:2      | Gained mutation: You have hoof-like feet. [demonic
                  | ancestry]
   679 | D:2      | Reached XP level 3. HP: 17/29 MP: 3/3
   873 | D:2      | Found a white marble altar of Elyvilon.
   924 | D:2      | Gained mutation: You have sharp fingernails. [demonic
                  | ancestry]
   924 | D:2      | Reached XP level 4. HP: 33/35 MP: 4/4
   926 | D:2      | Quit the game

Vault maps used:
D:1:      wheals_arrival_shading, evilmike_ruin_ashenzari
D:2:      old_standard_altar, uniq_crazy_yiuf_cottage, uniq_terence

Skill      XL: |  1  2 |
---------------+-------+-----
Armour         | 3 |  3.1
Axes           | 2 |  2.8
Shields        | 3 |  3.0
Fighting       | |  3.4
Dodging        | |  0.3

Action                   |  1- 3 |  4- 6 || total
-------------------------+-------+-------++-------
Melee: War axe           |    80 |       ||    80
       Kick              |    16 |       ||    16
Armor: Scale mail        |    42 |       ||    42
Dodge: Dodged            |    24 |       ||    24
Block: Shield            |    47 |       ||    47

Table legend:
 A = Non-vault XP
 B = Vault XP
 C = Vault XP percentage of total XP
 D = Non-vault monster count
 E = Vault monster count
 F = Vault count percentage of total count
                 A         B        C        D         E       F
            +---------+---------+-------+---------+---------+-------
      Total |      61 |      36 |  37.1 |      31 |       1 |   3.1
            +---------+---------+-------+---------+---------+-------
        D:1 |      28 |       0 |   0.0 |      17 |       0 |   0.0
        D:2 |      33 |      36 |  52.2 |      14 |       1 |   6.7
            +---------+---------+-------+---------+---------+-------
